 Dungeon Crawl Stone Soup version 0.17.0-25-gefc9c12 (webtiles) character file.

491 shklvsk the Sneak (level 6, -6/44 HPs)
             Began as a Mummy Wanderer on Nov 18, 2015.
             Was an Initiate of Gozag.
             Mangled by a centaur (7 damage)
             ... on level 5 of the Dungeon.
             The game lasted 00:18:32 (5473 turns).

shklvsk the Sneak (Mummy Wanderer)                  Turns: 5473, Time: 00:18:32

Health: -6/44      AC:  3    Str: 17    XL:     6   Next: 91%
Magic:  18/18      EV: 11    Int: 10    God:    Gozag
Gold:   297        SH:  0    Dex: 13    Spells: 0 memorised, 9 levels left

rFire  . . .     SeeInvis .     o - +3 war axe (flame)
rCold  + . .     Clarity  .     f - +0 leather armour
rNeg   + + +     SustAt   .     (no shield)
rPois  ∞         Gourm    .     (no helmet)
rElec  .         Spirit   .     (no cloak)
rCorr  .         Warding  .     (no gloves)
rMut   .         Stasis   .     (no boots)
MR     .....                    q - amulet of faith {Faith, !P}
Stlth  +++.......               e - ring of magical power {MP+9}
                                h - ring of protection from fire {rF+, !d}

@: not resistant to hostile enchantments, fairly stealthy
A: no food or potions, fire vulnerability, cold resistance 1, negative energy
resistance 3, torment resistance, unbreathing
a: Potion Petition, Call Merchant, Bribe Branch, Renounce Religion


You were on level 5 of the Dungeon.
You worshipped Gozag.
Gozag was noncommittal.
You were not hungry.

You visited 2 branches of the dungeon, and saw 6 of its levels.

You collected 362 gold pieces.
You paid 65 gold pieces to Gozag.

Inventory:

Hand Weapons
 a - a +2 dagger
 m - a +2 war axe of flaming
   (You found it on level 4 of the Dungeon)
 n - a +1 dagger of speed
   (You took it off an orc wizard on level 3 of the Dungeon)
 o - a +3 war axe of flaming (weapon)
   (You took it off an orc priest on level 3 of the Dungeon)
 p - a -1 eveningstar
   (You found it on level 4 of the Dungeon)
Missiles
 g - 145 stones (quivered)
Armour
 f - a +0 leather armour (worn)
   (You found it on level 1 of the Dungeon)
Jewellery
 e - a ring of magical power (right hand) {MP+9}
   (You found it on level 1 of the Dungeon)
 h - a ring of protection from fire (left hand) {rF+, !d}
   (You found it on level 1 of the Dungeon)
 q - an amulet of faith (around neck) {Faith, !P}
   (You found it on level 4 of the Dungeon)
Wands
 d - a wand of confusion (29)
   (You found it on level 4 of the Dungeon)
Scrolls
 b - 3 scrolls of blinking {!r}
 i - a scroll of amnesia
 j - 2 scrolls of fear
 k - a scroll of teleportation {unknown}
 l - 2 scrolls of remove curse
Books
 c - the Volume of Sinister Secrets

   Spells                             Type                      Level
   a - Pain                           Necromancy                   1
   b - Vampiric Draining              Necromancy                   3


   Skills:
 - Level 2.0 Fighting
 - Level 2.0 Short Blades
 * Level 3.2 Axes
 - Level 1.0 Armour
 + Level 4.9 Stealth
 - Level 2.0 Spellcasting
   Level 1.5 Conjurations
   Level 1.0 Translocations


You had 9 spell levels left.
You didn't know any spells.

Dungeon Overview and Level Annotations

Branches:
Dungeon (5/15)             Temple (1/1) D:4

Altars:
Elyvilon
Fedhas
Gozag
Okawaru
The Shining One

Shops:
D:4 =

Annotations:
D:3 exclusion: Sigmund, Sigmund; herpmino's ghost, amateur HOAr


Innate Abilities, Weirdness & Mutations

You do not eat or drink.
Your flesh is vulnerable to fire.
You are immune to poison.
Your flesh is cold resistant.
You are immune to negative energy.
You are immune to unholy pain and torment.
You can survive without breathing.


Message History

Found a stone staircase leading down.
Found a stone staircase leading up.
You now have 279 gold pieces (gained 13).
An orc priest comes into view.
The orc priest shouts!
You start waiting.
The orc priest hits you.
You take 3 damage, and have 41/44 hp.
You hit the orc priest. You burn the orc priest.
The orc priest invokes the aid of Beogh against you.
You struggle to resist.
The orc priest barely misses you.
You hit the orc priest. You burn the orc priest.
The orc priest looks braver for a moment.
You hit the orc priest. You burn the orc priest.
You kill the orc priest!
Your Axes skill increases to level 3!
You now have 283 gold pieces (gained 4).
You start resting.
An orc wizard comes into view. It is wielding a dagger.
You start resting.
Health restored: 44 The orc wizard shouts!
You slash the orc wizard! You burn the orc wizard.
You kill the orc wizard!
You hear a shout!
You now have 292 gold pieces (gained 9).
Things that are here:
a dagger; a robe; a smoky purple potion You start waiting.
Done waiting.
Things that are here:
a dagger; a robe; a smoky purple potion You see here 12 poisoned needles.
An orc comes into view.
The orc moves out of view.
The orc is too close now for your liking.
The orc shouts!
You hit the orc. You burn the orc. The orc hits you.
The orc closely misses you.
You take 3 damage, and have 41/44 hp.
You hit the orc. You burn the orc.
You kill the orc!
No target in view!
No target in view!
You now have 297 gold pieces (gained 5).
You see here 12 poisoned needles.
A centaur comes into view.
The centaur wields a shortbow.
The centaur shoots an arrow.
The arrow barely misses you.
The centaur shoots an arrow.
The arrow hits you!
You see here 2 arrows.
You take 15 damage, and have 27/44 hp.
MASSIVE DAMAGE!!
The centaur shoots an arrow.
The arrow hits you.
You take 3 damage, and have 25/44 hp.
The centaur shoots an arrow.
The arrow hits you.
You take 4 damage, and have 21/44 hp.
You see here 12 poisoned needles.
The centaur shoots an arrow.
The arrow hits you.
You see here an arrow.
You take 4 damage, and have 18/44 hp.
The centaur shoots an arrow.
The arrow hits you!
* * * LOW HITPOINT WARNING * * *
The centaur shoots an arrow.
The arrow hits you.
* * * LOW HITPOINT WARNING * * *
You see here 2 arrows.
You take 15 damage, and have 3/44 hp.
MASSIVE DAMAGE!! [a] - 0 gold - invisibility, agility and flight [b] - 0 gold - resistance and flight [c] - 0 gold - heal wounds and curing Purchase which effect?
You feel much better.
You feel better.
The centaur shoots an arrow.
The arrow hits you.
You regained 30 hp, and now have 33/44 hp.
You start resting.
The centaur unwields an uncursed shortbow.
The centaur hits you!
You take 8 damage, and have 26/44 hp.
You closely miss the centaur.
The centaur hits you but does no damage.
The centaur hits you.
You take 2 damage, and have 24/44 hp.
You slash the centaur! You burn the centaur. The centaur hits you!
The centaur hits you.
* * * LOW HITPOINT WARNING * * *
You take 13 damage, and have 11/44 hp.
MASSIVE DAMAGE!!
You barely miss the centaur.
The centaur hits you but does no damage.
The centaur barely misses you.
You barely miss the centaur. The centaur hits you.
* * * LOW HITPOINT WARNING * * *
The centaur hits you.
* * * LOW HITPOINT WARNING * * *
You take 7 damage, and have 5/44 hp.
You hit the centaur but do no damage. The centaur hits you.
* * * LOW HITPOINT WARNING * * *
The centaur hits you!
You die...
Your body crumbles into a pile of gold.

#################
#...............#
#.#############.# #.#
#.##.# #.# #.##.#### #.#
#......^#
######.##########.......##
....)..........@..>..≈....#
#######.######c###....⌠≈..#
#.# #(# #...≈≈≈..# #.# #.#
#........# .. #.# #.#
#.....##.# ... #.#
#.###.#..###.# ....#.###
#.##).#..##..#
....'...####(##.##..##.##
...#c.(.....##.##..##.#


You could see a centaur.

Vanquished Creatures
  4 scorpions (D:4)
  A hound (D:4)
  A giant frog skeleton (D:4)
  2 orc priests
  A worker ant (D:4)
  2 orc wizards
  5 adders
  An ooze (D:1)
  An adder skeleton (D:4)
  A giant gecko (D:2)
  5 orcs
  5 giant cockroaches
  4 goblins
  3 hobgoblins
  A ball python (D:4)
  11 bats
  4 giant newts
  A jackal skeleton (D:5)
  6 kobolds
  7 rats
  2 fungi (D:4)
68 creatures vanquished.

Vanquished Creatures (others)
  A fungus (D:4)
1 creature vanquished.

Grand Total: 69 creatures vanquished

Notes
Turn   | Place    | Note
--------------------------------------------------------------
     0 | D:1      | shklvsk the Mummy Wanderer began the quest for the Orb.
     0 | D:1      | shklvsk set off with: a +2 dagger, a scroll of blinking {!r}, the Volume of Sinister Secrets, a +0 robe
     0 | D:1      | Reached XP level 1. HP: 16/16 MP: 3/3
   323 | D:1      | Reached skill level 2 in Stealth
   342 | D:1      | Reached XP level 2. HP: 20/22 MP: 5/5
  1227 | D:2      | Reached skill level 1 in Short Blades
  1305 | D:2      | Reached XP level 3. HP: 18/27 MP: 6/6
  1889 | D:3      | Found a blossoming altar of Fedhas.
  2007 | D:3      | Noticed herpmino's ghost (amateur HOAr)
  2231 | D:3      | Noticed Sigmund
  2243 | D:3      | Reached skill level 3 in Stealth
  2372 | D:3      | Reached XP level 4. HP: 8/33 MP: 7/7
  2373 | D:3      | HP: 5/33 [orc/whip (3)]
  2389 | D:3      | HP: 5/33 [orc/flail (2)]
  3484 | D:4      | Reached skill level 4 in Stealth
  3484 | D:4      | Reached XP level 5. HP: 25/38 MP: 8/8
  3613 | D:4      | Reached skill level 1 in Axes
  3678 | D:4      | Noticed a centaur
  4238 | D:4      | Found a staircase to the Ecumenical Temple.
  4244 | Temple   | Entered the Ecumenical Temple
  4250 | Temple   | Became a worshipper of Gozag Ym Sagoz the Greedy
  4294 | D:4      | Reached skill level 2 in Short Blades
  4476 | D:4      | Found Duqaxeck's Jewellery Shop.
  4647 | D:4      | Reached skill level 2 in Axes
  4647 | D:4      | Reached XP level 6. HP: 17/44 MP: 9/9
  5190 | D:5      | Entered Level 5 of the Dungeon
  5259 | D:5      | Reached skill level 3 in Axes
  5461 | D:5      | HP: 9/44 [centaur/arrow (9)]
  5461 | D:5      | HP: 3/44 [centaur/arrow (6)]
  5470 | D:5      | HP: 11/44 [centaur (4)]
  5472 | D:5      | HP: 5/44 [centaur (5)]
  5473 | D:5      | HP: 1/44 [centaur (4)]
  5473 | D:5      | Mangled by a centaur

Action                   |  1- 3 |  4- 6 || total
-------------------------+-------+-------++-------
Melee: Dagger            |   144 |    55 ||   199
       War axe           |       |    64 ||    64
Invok: Potion Petition   |       |     1 ||     1
  Use: Scroll            |       |     6 ||     6
 Stab: Sleeping          |     2 |     6 ||     8

Vault maps used:
D:1:      saegor_arrival_simple_d, corexii_hall_statues_i, serial_bayou_lake_a
D:3:      fedhas_altar_2, marbit_many_paths, st_stairs_1, uniq_sigmund
D:4:      old_forge, temple_fountains, first_bread, serial_shops,
          nicolae_shop_stone, minmay_misc_feat_ornament
D:5:      corexii_leaking_fountain, uniq_menkaure
Temple:   triangle_lava_temple_12

Table legend:
 A = Turns spent in this place as a percentage of turns spent in the entire game.
 B = Non-inter-level travel turns spent in this place as a percentage of non-inter-level travel turns spent in the entire game.
 C = Inter-level travel turns spent in this place as a percentage of turns spent in this place.
 D = Turns resting spent in this place as a percentage of non-inter-level travel turns spent in this place.
 E = Turns spent auto-exploring this place as a percentage of non-inter-level travel turns spent in this place.
 F = Non-inter-level travel turns spent in this place divided by the number of levels of this place that you've seen.
                   A       B       C       D       E      F
               +-------+-------+-------+-------+-------+----------------------
         Total | 100.0 | 100.0 |   0.5 |   3.7 |   4.0 | 246.0
       Dungeon |  99.1 |  99.1 |   0.5 |   3.6 |   4.0 | 292.6
        Temple |   0.9 |   0.9 |   0.0 |  15.4 |   0.0 |  13.0
               +-------+-------+-------+-------+-------+----------------------

Table legend:
 A = Kills in this place as a percentage of kills in entire the game.
 B = Kills by you in this place as a percentage of kills by you in the entire game.
 C = Kills by friends in this place as a percentage of kills by friends in the entire game.
 D = Other kills in this place as a percentage of other kills in the entire game.
 E = Experience gained in this place as a percentage of experience gained in the entire game.
 F = Experience gained in this place divided by the number of levels of this place that you have seen.
                   A       B       C       D       E      F
               +-------+-------+-------+-------+-------+----------------------
         Total | 100.0 | 100.0 |  -nan |  -nan | 100.0 | 117.0
       Dungeon | 100.0 | 100.0 |  -nan |  -nan | 100.0 | 140.4
               +-------+-------+-------+-------+-------+----------------------
